AoeStats
← Grant B 1993

Enclosed

505675417Analyzed
1v1 RM · 21d ago on Sep 10, 2026· 48m 44s· 2 players
Game mode
Random Map
Map size
Tiny (2 player)
Population
200
Speed
Normal
Resources
Standard
Victory
Conquest
Starting age
Dark Age
Ending age
Imperial Age
RankedLock teamsTeams togetherTeam positionsShared explorationLock speedFull tech treeHidden civsTurbo modeCheats
Victory
Defeat
🇺🇸 Britons · United States
816
+16
🇦🇷 Ethiopians · Argentina
816
-16
Grant B 1993
5:05 Loom
11:20 Feudal Age
12:26 Gold Mining
12:23 Double-Bit Axe
17:24 Castle Age
15:08 Horse Collar
17:48 Fletching
17:59 Padded Archer Armor
18:35 Bow Saw
19:03 Gold Shaft Mining
18:43 Loom
19:01 Crossbowman
20:17 Stone Mining
20:36 Bodkin Arrow
23:08 Leather Archer Armor
24:31 Wheelbarrow
24:00 Elite Skirmisher
33:20 Imperial Age
33:14 Town Watch
35:00 Town Patrol
35:16 Hand Cart
35:30 Conscription
34:31 Elite Longbowman
35:33 Yeomen
37:03 Two-Man Saw
37:26 Bracer
38:42 Ring Archer Armor
39:55 Treadmill Crane
40:37 Ballistics
41:18 Chemistry
43:07 Siege Engineers
46:03 Hoardings
46:56 Treadmill Crane
47:28 Masonry
47:48 Heavy Plow
Sapotanque
7:21 Loom
7:59 Loom
11:11 Feudal Age
11:52 Double-Bit Axe
12:49 Horse Collar
17:51 Fletching
22:56 Castle Age
23:49 Wheelbarrow
23:00 Crossbowman
23:47 Thumb Ring
23:42 Bodkin Arrow
25:28 Padded Archer Armor
26:10 Ballistics
26:29 Bow Saw
29:12 Gold Mining
29:45 Scale Barding Armor
29:52 Forging
30:19 Light Cavalry
33:45 Chain Barding Armor
34:01 Iron Casting
34:21 Husbandry
42:07 Imperial Age
42:08 Hussar
42:57 Bracer
44:00 Blast Furnace
43:17 Leather Archer Armor
42:27 Arbalester
48:47 Two-Man Saw
49:11 Chemistry
Connection lost

Rejoining the realm…

Still unreachable

The connection could not be restored.

Session expired

The server has moved on; the page needs a fresh start.